 Dungeon Crawl Stone Soup version 0.23-a0-681-g26ad783 (webtiles) character file.

18128 emperorscorpion the Brawler (level 12, -33/113 HPs)
             Began as a Troll Berserker on Jan 10, 2019.
             Was an Elder of Trog.
             Killed from afar by a fire dragon (43 damage)
             ... with a blast of flame
             ... on level 14 of the Dungeon.
             The game lasted 00:13:14 (5818 turns).

emperorscorpion the Brawler (Troll Berserker)       Turns: 5818, Time: 00:13:15

Health: -33/113    AC:  7    Str: 32    XL:     12   Next: 25%
Magic:  11/11      EV: 13    Int:  3    God:    Trog [****..]
Gold:   816        SH:  3    Dex:  9    Spells: 11/11 levels left

rFire    . . .     SeeInvis +     - Unarmed
rCold    . . .     Gourm    +   (no shield)
rNeg     . . .     Faith    .   a - +0 animal skin
rPois    .         Spirit   .   (helmet restricted)
rElec    .         Reflect  +   B - +1 cloak
rCorr    .         Harm     .   (gloves unavailable)
MR       .....                  (boots unavailable)
Stlth    ++........             q - +3 amulet of reflection
HPRegen  0.68/turn              h - ring of flight
MPRegen  0.12/turn              D - ring of see invisible

@: berserk cooldown, slowed, very slow
A: large, unfitting armour, claws 3, fast metabolism 3, gourmand, regeneration
1, shaggy fur 1, tough skin 2
a: Berserk, Trog's Hand, Brothers in Arms, Renounce Religion, Evoke Flight


You were on level 14 of the Dungeon.
You worshipped Trog.
Trog was greatly pleased with you.
You were very full.

You visited 1 branch of the dungeon, and saw 14 of its levels.
You also visited: Sewer.

You collected 861 gold pieces.
You spent 45 gold pieces at shops.

Inventory:

Hand Weapons
 o - the +8 autumn katana {slice, Clar}
   (You took it off a kobold on level 3 of the Dungeon)

   It inflicts extra damage upon your enemies.
   It protects you against confusion.
 z - a +0 blowgun
Missiles
 c - 365 stones
 m - 11 poisoned needles
 u - 5 steel tomahawks
 y - 2 throwing nets
 C - 4 curare-tipped needles
 E - 3 javelins (quivered)
Armour
 a - a +0 animal skin (worn)
 B - a +1 cloak (worn)
Jewellery
 h - a ring of flight (left claw)
 q - a +3 amulet of reflection (around neck)
 D - a ring of see invisible (right claw)
Wands
 t - a wand of polymorph (13)
Scrolls
 k - 2 scrolls of enchant armour
 n - 7 scrolls of remove curse
 r - a scroll of enchant weapon {unknown}
 s - 10 scrolls of identify {unknown}
 v - 5 scrolls of magic mapping {unknown}
 w - 6 scrolls of teleportation {unknown}
 x - 3 scrolls of noise {unknown}
 F - a scroll of blinking {unknown}
 H - a scroll of silence {unknown}
Potions
 d - 4 potions of agility {unknown}
 e - a potion of invisibility {unknown}
 g - 5 potions of ambrosia {unknown}
 i - 4 potions of lignification {unknown}
 j - a potion of heal wounds {unknown}
 l - 4 potions of curing
 p - 4 potions of magic {unknown}
 A - a potion of degeneration {unknown}
 G - a potion of might
 J - a potion of flight {unknown}
Comestibles
 b - 13 rations
 I - 7 chunks of flesh


   Skills:
 + Level 5.8 Fighting
 * Level 2.8 Throwing
 + Level 8.2 Dodging
 + Level 2.9 Stealth
 + Level 15.4 Unarmed Combat
 + Level 0.1 Evocations


You had 11 spell levels left.
You didn't know any spells.
Your spell library contained the following spells:

 Spells                   Type           Power        Failure   Level  Hunger
 Flame Tongue             Conj/Fire      #....        52%         1    ##.....
 Throw Flame              Conj/Fire      #.....       67%         2    ###....
 Conjure Flame            Conj/Fire      #.......     88%         3    ####...
 Inner Flame              Hex/Fire       #.......     88%         3    ####...
 Sticky Flame             Conj/Fire      #.......     99%         4    #####..
 Fireball                 Conj/Fire      #.........   100%        5    ######.


Dungeon Overview and Level Annotations

Branches:
Dungeon (14/15)               Orc (0/2) D:10         Vaults (0/5) D:13
 Temple: D:4-7         Lair: D:8-11

Altars:
Ashenzari
Elyvilon
Gozag
Kikubaaqudgha
Nemelex Xobeh
Qazlal
Ru
Yredelemnul

Shops:
D:10 *   D:12 ==


Innate Abilities, Weirdness & Mutations

You are too large for most types of armour.
You have claws for hands.
Your metabolism is lightning-fast.
You like to eat raw meat.
Your natural rate of healing is unusually fast.
You are covered in fur. (AC +1)
You have very tough skin. (AC +2)


Message History

Okay, then.
Your ogre goes berserk!
You feel quite a bit less full. Trog will no longer gift you weapons.
The centaur warrior skeleton hits you but does no damage.
The fire dragon bites your ogre. The fire dragon claws your ogre.
The fire dragon tramples your ogre.
Your ogre stumbles backwards!
The centaur warrior skeleton hits you.
* * * LOW HITPOINT WARNING * * *
The fire dragon breathes flames at your ogre.
The blast of flame hits your ogre.
Your ogre dies!
Your ogre's corpse disappears in a puff of smoke!
The centaur warrior skeleton hits you.
* * * LOW HITPOINT WARNING * * *
You block the centaur warrior skeleton's attack.
You fail to use your ability.
The fire dragon breathes flames at you. The blast of flame hits you!
You die...

... .. ## ..
##..#. .$.#.##
.. ....## ##.
##...###
##...#..@...#
#......#ZD.##.#
...... #Z.<#..##
.##...##.......#
......./...##.##
#.......#### .#
.........# #
........##
..(.?....


You could see a fire dragon and 2 centaur warrior skeletons.

Vanquished Creatures
  A fire giant (D:13)
  Snorg (D:12)
  Harold (D:8)
  4 vault guards (D:13)
  A two-headed ogre (D:12)
  The ghost of Azzok the Severer, a novice DDFi of Makhleb (D:10)
  A wizard (D:12)
  An unseen horror (D:12)
  A necromancer (D:13)
  An ugly thing (D:11)
  A manticore (D:11)
  2 trolls (D:14)
  3 slime creatures (D:13)
  A spriggan (D:8)
  3 wraiths
  2 wyverns
  17 humans
  6 yaks
  3 vampire mosquitoes (D:12)
  A hungry ghost (D:11)
  A steam dragon (D:10)
  Menkaure (D:5)
  A porcupine (D:8)
  3 orc warriors
  2 sky beasts
  Purgy (D:4)
  A phantom (D:4)
  A black bear (D:11)
  A necrophage (D:11)
  4 centaurs
  A crocodile (Sewer)
  3 big kobolds
  4 bullfrogs
  2 scorpions
  A jelly (D:12)
  6 crimson imps
  5 howler monkeys
  A bullfrog zombie (D:10)
  A centaur skeleton (D:12)
  4 orc priests
  5 hounds
  A bullfrog skeleton (D:12)
  Jessica (D:3)
  4 iguanas
  Natasha (twice) (D:3)
  7 worker ants
  4 orc wizards
  11 gnolls
  A howler monkey zombie (D:11)
  13 adders
  2 shadow imps (D:8)
  An adder skeleton (D:10)
  2 worms
  A dart slug (D:3)
  A leopard gecko (D:10)
  35 orcs
  A ball python (D:4)
  3 bats
  3 giant cockroaches
  A goblin (D:3)
  2 jackals (Sewer)
  A quokka (D:5)
  4 frilled lizards
  20 kobolds
  A quokka skeleton (D:4)
  5 rats
228 creatures vanquished.

Vanquished Creatures (others)
  2 orcs (D:10)
  A withered plant (D:5)
3 creatures vanquished.

Grand Total: 231 creatures vanquished

Notes
Turn   | Place    | Note
-------+----------+-------------------------------------------
     0 | D:1      | emperorscorpion the Troll Berserker began the quest for the
                  | Orb.
     0 | D:1      | Reached XP level 1. HP: 22/22 MP: 0/0
   146 | D:2      | Reached XP level 2. HP: 29/29 MP: 1/1
   354 | D:2      | Reached XP level 3. HP: 33/37 MP: 2/2
   568 | D:3      | Reached XP level 4. HP: 45/45 MP: 3/3
   591 | D:3      | Noticed Jessica
   620 | D:3      | Reached ** piety under Trog
   630 | D:3      | Killed Jessica
   679 | D:3      | Noticed Natasha
   689 | D:3      | Reached XP level 5. HP: 54/54 MP: 4/4
   690 | D:3      | Killed Natasha
   839 | D:3      | Noticed Natasha
   846 | D:3      | Killed Natasha
  1091 | D:4      | Noticed a phantom
  1103 | D:4      | Found a basalt altar of Yredelemnul.
  1135 | D:4      | Killed a phantom
  1135 | D:4      | Reached skill level 4 in Unarmed Combat
  1135 | D:4      | Reached XP level 6. HP: 28/62 MP: 5/5
  1239 | D:4      | Noticed Purgy
  1244 | D:4      | Killed Purgy
  1257 | D:5      | Entered Level 5 of the Dungeon
  1350 | D:5      | Reached skill level 5 in Unarmed Combat
  1415 | D:5      | Noticed Menkaure
  1417 | D:5      | Reached XP level 7. HP: 59/70 MP: 6/6
  1424 | D:5      | Killed Menkaure
  1509 | D:5      | Found an ancient bone altar of Kikubaaqudgha.
  1514 | D:5      | Reached skill level 6 in Unarmed Combat
  1522 | D:5      | Reached *** piety under Trog
  1674 | D:5      | Found a stormy altar of Qazlal.
  1701 | D:6      | Found a glowing drain.
  1744 | Sewer    | Entered a sewer
  1927 | D:7      | Found an opulent altar of Gozag.
  1961 | D:7      | Reached XP level 8. HP: 79/79 MP: 7/7
  1990 | D:8      | Noticed Harold
  2001 | D:8      | Killed Harold
  2001 | D:8      | Reached skill level 5 in Dodging
  2001 | D:8      | Reached skill level 1 in Stealth
  2001 | D:8      | Reached skill level 8 in Unarmed Combat
  2034 | D:8      | Found a white marble altar of Elyvilon.
  2207 | D:8      | Found a sacrificial altar of Ru.
  2349 | D:9      | Reached skill level 9 in Unarmed Combat
  2354 | D:9      | Reached XP level 9. HP: 85/85 MP: 8/8
  2375 | D:9      | Reached **** piety under Trog
  2439 | D:9      | Noticed Maurice
  2483 | D:8      | Noticed Maurice
  2483 | D:8      | Maurice changed into Maurice the porcupine
  2488 | D:8      | Killed Maurice the porcupine
  3019 | D:9      | Found a sparkling altar of Nemelex Xobeh.
  3055 | D:10     | Entered Level 10 of the Dungeon
  3186 | D:10     | Reached skill level 10 in Unarmed Combat
  3378 | D:10     | Found a staircase to the Orcish Mines.
  3490 | D:10     | Found a runed gate.
  3490 | D:10     | Found a runed gate.
  3490 | D:10     | Found an opulent altar of Gozag.
  3490 | D:10     | Found a runed gate.
  3491 | D:10     | Noticed Azzok's ghost (novice DDFi)
  3494 | D:10     | Found Eddas's Assorted Antiques.
  3505 | D:10     | Killed Azzok's ghost
  3505 | D:10     | Reached skill level 5 in Fighting
  3505 | D:10     | Reached skill level 11 in Unarmed Combat
  3505 | D:10     | Reached XP level 10. HP: 96/96 MP: 9/9
  3538 | D:10     | Bought a murky ruby potion for 21 gold pieces
  3538 | D:10     | Bought a scroll labeled WEBBEE NOAMP for 24 gold pieces
  3679 | D:11     | Found a shattered altar of Ashenzari.
  3692 | D:11     | Noticed a white ugly thing
  3701 | D:11     | Killed a white ugly thing
  3917 | D:11     | Noticed a manticore
  3930 | D:11     | Killed a manticore
  3930 | D:11     | Reached skill level 12 in Unarmed Combat
  4276 | D:12     | Found Zulyuwin's Jewellery Emporium.
  4311 | D:12     | Reached ***** piety under Trog
  4435 | D:13     | Reached skill level 13 in Unarmed Combat
  4554 | D:12     | Noticed a two-headed ogre
  4554 | D:12     | Noticed Snorg
  4576 | D:12     | Killed Snorg
  4576 | D:12     | Reached XP level 11. HP: 24/104 MP: 10/10
  4580 | D:12     | HP: 5/156 [two-headed ogre/+0 giant spiked club (23)]
  4581 | D:12     | Killed a two-headed ogre
  4873 | D:13     | Noticed a necromancer
  5007 | D:12     | Noticed a wizard
  5013 | D:12     | Killed a wizard
  5013 | D:12     | Reached skill level 14 in Unarmed Combat
  5035 | D:12     | Noticed an unseen horror
  5051 | D:12     | Killed an unseen horror
  5094 | D:12     | Found Riunomix's Jewellery Boutique.
  5228 | D:13     | Noticed a fire giant
  5233 | D:13     | Killed a fire giant
  5425 | D:13     | Noticed a necromancer
  5436 | D:13     | Killed a necromancer
  5436 | D:13     | Noticed a vault guard
  5441 | D:13     | Reached skill level 1 in Throwing
  5455 | D:13     | Killed a vault guard
  5467 | D:13     | Noticed a vault guard
  5485 | D:13     | Killed a vault guard
  5485 | D:13     | Reached skill level 15 in Unarmed Combat
  5485 | D:13     | Reached XP level 12. HP: 75/113 MP: 11/11
  5575 | D:13     | Noticed a vault guard
  5577 | D:13     | Noticed a vault guard
  5582 | D:13     | Killed a vault guard
  5590 | D:13     | Killed a vault guard
  5594 | D:13     | Found a gate to the Vaults.
  5805 | D:14     | Noticed a fire dragon
  5818 | D:14     | Killed from afar by a fire dragon

Vault maps used:
D:1:      dpeg_arrival_simpleton_c, minmay_rat_gold_closets
D:2:      minmay_tetromino_t4
D:3:      fiery_altar_vehumet, first_ration, st_stairs_10, minmay_checkerbox,
          uniq_jessica, uniq_robin, uniq_natasha
D:4:      old_standard_altar, minmay_temple_entry_arrows, minmay_hedge_maze,
          uniq_purgy
D:5:      kiku_gazebo_garden_becter, old_standard_altar, serial_park_tiny_pond,
          uniq_menkaure, uniq_ijyb, uniq_grinder
D:6:      okawaru_altar_gauntlet_db, gup_sewer_entry_glass,
          minmay_manual_mullet, uniq_pikel
D:7:      grunt_gozag_statues, kennysheep_generic_room_10
D:8:      wander_guarded_unrand_ratskin, kennysheep_mini, elyvilon_altar_3,
          the_bakery, uniq_harold
D:9:      evilmike_ruin_ashenzari, nemelex_altar_shiori, serial_shops,
          nicolae_shop_behind_doors, uniq_maurice, uniq_erolcha
D:10:     erik_lair_island, hiddenorc1_lemuel, ebering_ghost_gozag,
          uniq_nergalle, uniq_erica
D:11:     serial_shops, nicolae_shop_behind_doors, basic_altar, hex_tiny,
          kennysheep_opposing_triangles
D:12:     serial_shops, nicolae_shop_behind_doors, kennysheep_mini_moat,
          uniq_snorg
D:13:     grunt_vaults_entry_tiered, chequers_serial_rivers_small_b,
          kennysheep_just_a_vault
D:14:     serial_shops, nicolae_shop_window_shopping,
          nicolae_ru_the_path_less_chosen
Sewer:    sewer_the_crocodile

Skill      XL: |  1  2  3  4  5  6  7  8  9 10 11 |
---------------+----------------------------------+-----
Fighting       | 3 4 5 |  5.8
Dodging        | 3 4 5 6 7 8 |  8.2
Unarmed Combat | 4 5 6 9 11 13 15 | 15.4
Stealth        | 1 2 |  2.9
Throwing       | 2 |  2.8
Evocations     | |  0.1

Action                   |  1- 3 |  4- 6 |  7- 9 | 10-12 || total
-------------------------+-------+-------+-------+-------++-------
Melee: Unarmed           |    50 |    99 |   260 |   301 ||   710
       Punch             |       |     1 |     8 |    22 ||    31
Throw: Stone             |     3 |       |       |     1 ||     4
       Javelin           |       |       |       |     2 ||     2
Invok: Berserk           |     1 |     4 |    10 |    13 ||    28
       Trog's Hand       |       |       |     3 |     2 ||     5
       Brothers in Arms  |       |       |       |     2 ||     2
Evoke: Wand              |       |       |     1 |       ||     1
  Use: Scroll            |       |       |       |     3 ||     3
 Stab: Sleeping          |       |       |     2 |     1 ||     3
       Distracted        |       |       |       |     1 ||     1
  Eat: Chunk             |    11 |    12 |    29 |    42 ||    94
Armor: Animal skin       |     9 |    32 |    61 |    47 ||   149
Dodge: Dodged            |    20 |    44 |   147 |   136 ||   347
Block: Other             |       |       |    10 |    31 ||    41
       Reflection        |       |       |       |     2 ||     2

Table legend:
 A = Non-vault XP
 B = Vault XP
 C = Vault XP percentage of total XP
 D = Non-vault monster count
 E = Vault monster count
 F = Vault count percentage of total count
                 A         B        C        D         E       F
            +---------+---------+-------+---------+---------+-------
      Total |   11847 |   14051 |  54.3 |     157 |      71 |  31.1
            +---------+---------+-------+---------+---------+-------
        D:1 |       3 |       0 |   0.0 |       3 |       0 |   0.0
        D:2 |      53 |       0 |   0.0 |       9 |       0 |   0.0
        D:3 |     137 |      87 |  38.8 |      17 |       8 |  32.0
        D:4 |     167 |     128 |  43.4 |       5 |       1 |  16.7
        D:5 |     426 |     169 |  28.4 |      16 |       1 |   5.9
        D:6 |       0 |      43 | 100.0 |       0 |       5 | 100.0
        D:7 |     121 |       0 |   0.0 |       6 |       0 |   0.0
        D:8 |     277 |    1364 |  83.1 |      12 |       5 |  29.4
        D:9 |     364 |       0 |   0.0 |      11 |       0 |   0.0
       D:10 |    1461 |    1254 |  46.2 |      18 |      19 |  51.4
       D:11 |    1962 |     186 |   8.7 |      14 |       2 |  12.5
       D:12 |    4913 |    1352 |  21.6 |      37 |       2 |   5.1
       D:13 |    1360 |    9357 |  87.3 |       7 |      22 |  75.9
       D:14 |     603 |       0 |   0.0 |       2 |       0 |   0.0
      Sewer |       0 |     111 | 100.0 |       0 |       6 | 100.0
            +---------+---------+-------+---------+---------+-------
